 Dungeon Crawl Stone Soup version 0.17-a0-1382-gc46a074 (webtiles) character file.

790 Aesgard the Fighter (level 7, -3/52 HPs)
             Began as a Gargoyle Fighter on June 15, 2015.
             Was an Initiate of Qazlal.
             Killed from afar by Erica (9 damage)
             ... with an orb of energy
             ... on level 8 of the Dungeon.
             The game lasted 00:09:05 (3747 turns).

Aesgard the Fighter (Gargoyle Fighter)              Turns: 3747, Time: 00:09:06

Health: -3/52      AC: 11    Str: 20    XL:     7   Next: 87%
Magic:  16/16      EV:  7    Int: 10    God:    Qazlal [......]
Gold:   157        SH:  9    Dex:  9    Spells: 0 memorised, 6 levels left

rFire  . . .     SeeInvis .     a - +0 flail
rCold  . . .     Clarity  .     b - +0 scale mail
rNeg   + . .     SustAt   .     c - +0 shield
rPois  ∞         Gourm    .     (no helmet)
rElec  +         Spirit   .     (no cloak)
rCorr  .         Warding  .     (no gloves)
rMut   .         Stasis   .     (no boots)
MR     +....                    (no amulet)
Stlth  ..........               y - ring of magical power
                                s - ring of protection from magic

@: somewhat resistant to hostile enchantments, extremely unstealthy
A: negative energy resistance 1, electricity resistance, unbreathing,
petrification resistance, rot immunity, AC +4
a: Renounce Religion


You were on level 8 of the Dungeon.
You worshipped Qazlal.
Qazlal was noncommittal.
You were hungry.

You visited 2 branches of the dungeon, and saw 7 of its levels.

You collected 157 gold pieces.

Inventory:

Hand weapons
 a - a +0 flail (weapon)
Missiles
 j - 19 bolts
 w - 2 tomahawks (quivered)
Armour
 b - a +0 scale mail (worn)
 c - a +0 shield (worn)
Jewellery
 s - a ring of protection from magic (left hand)
 y - a ring of magical power (right hand)
Magical devices
 d - a wand of digging (6)
Scrolls
 h - 5 scrolls of remove curse {unknown}
 i - a scroll of noise {unknown}
 n - 3 scrolls of teleportation {unknown}
 p - 3 scrolls of identify {unknown}
 q - a scroll of recharging {unknown}
 r - a scroll of magic mapping {unknown}
 x - a scroll of amnesia {unknown}
Potions
 f - a potion of flight {unknown}
 l - a potion of cure mutation {unknown}
 m - 2 potions of heal wounds
 t - 5 potions of curing {unknown}
 v - a potion of might
Comestibles
 e - 5 bread rations
 g - 4 meat rations
 k - a slice of pizza
 o - 4 chunks of flesh
 u - 6 fruits


   Skills:
 + Level 9.9 Fighting
 - Level 2.0 Maces & Flails
 - Level 3.2 Armour
 - Level 3.2 Shields


You had 6 spell levels left.
You didn't know any spells.

Dungeon Overview and Level Annotations

Branches:
Dungeon (8/15)             Temple (1/1) D:4
   Lair: D:8-11

Altars:
Ashenzari
Cheibriados
Dithmenos
Fedhas
Gozag
Kikubaaqudgha
Makhleb
Nemelex Xobeh
Qazlal
Ru
Trog
Vehumet
Xom
Yredelemnul
Zin
The Shining One

Annotations:
D:8 Erica


Innate Abilities, Weirdness & Mutations

You are resistant to torment.
Your stone body is resilient (AC +4).
You are immune to poison.
You resist negative energy.
You are resistant to electric shocks.
You can survive without breathing.
You are immune to petrification.
You are immune to rotting.


Message History

Erica is moderately wounded.
You block Erica's attack.
You thump Erica!
Erica is moderately wounded.
Erica casts a spell at you. The bolt of poison hits you! You resist.
Erica gestures at you while chanting. You block the orb of energy.
The orb of energy explodes!
You barely miss Erica.
Erica is moderately wounded.
Erica screams, "Die!"
Erica casts a spell at you. The bolt of poison hits you! You resist.
You hit Erica.
Erica is heavily wounded.
Erica gestures at you while chanting. The bolt of poison hits you! You resist.
Erica points at you and mumbles some strange words.
The orb of energy hits you!
You die...

###+#. #..... +....#
...# #....# ...# #.%..+
...# ....# # ...#+##
##'##+###.## .......
+..@@......+
............#..........#
............#..........#
............##.####..###
####+#.......#.####..#
.....+.......+.........
.....#.......#..........
.##+##.......#..........
###..###.....#...##..#


You could see Erica.

Vanquished Creatures
  Sigmund (D:3)
  A phantom (D:4)
  A sky beast (D:4)
  2 orc priests
  3 orc wizards
  4 worker ants
  4 gnolls
  9 adders
  2 oozes
  An adder skeleton (D:5)
  A worm (D:4)
  4 giant geckos
  8 orcs
  2 ball pythons
  5 giant cockroaches
  12 hobgoblins
  3 quokkas
  16 bats
  2 giant newts
  11 goblins
  9 kobolds
  A quokka skeleton (D:4)
  12 rats
114 creatures vanquished.

Notes
Turn   | Place    | Note
--------------------------------------------------------------
     0 | D:1      | Aesgard the Gargoyle Fighter began the quest for the Orb.
     0 | D:1      | Reached XP level 1. HP: 14/14 MP: 1/1
   138 | D:1      | Reached XP level 2. HP: 20/20 MP: 2/2
   175 | D:1      | Reached skill level 4 in Fighting
   588 | D:1      | Reached XP level 3. HP: 24/24 MP: 3/3
   937 | D:2      | Reached skill level 5 in Fighting
  1011 | D:2      | Reached XP level 4. HP: 31/31 MP: 4/4
  1091 | D:2      | Found a faded altar to an unknown god.
  1493 | D:3      | Reached skill level 6 in Fighting
  1493 | D:3      | Reached XP level 5. HP: 28/36 MP: 5/5
  1817 | D:3      | Noticed Sigmund
  1826 | D:3      | Killed Sigmund
  1826 | D:3      | Reached skill level 7 in Fighting
  1826 | D:3      | Reached XP level 6. HP: 30/44 MP: 6/6
  2176 | D:4      | Reached skill level 8 in Fighting
  2344 | D:4      | Reached XP level 7. HP: 42/50 MP: 7/7
  2789 | D:4      | Reached skill level 9 in Fighting
  2988 | D:4      | Found a staircase to the Ecumenical Temple.
  2995 | Temple   | Entered the Ecumenical Temple
  3053 | Temple   | Became a worshipper of Qazlal Stormbringer
  3427 | D:5      | Entered Level 5 of the Dungeon
  3484 | D:5      | You fall through a shaft for 3 floors!
  3722 | D:8      | Noticed Erica
  3747 | D:8      | Killed from afar by Erica

Vault maps used:
D:1:      lightli_arrival_lavapool
D:2:      ecumenical_altar_2, first_bread
D:3:      uniq_sigmund
D:4:      minmay_temple_entry_enclosed_plants, patterned_corridor
D:5:      hangedman_decor_riveting, minmay_lizard_king, uniq_menkaure,
          uniq_blork_the_orc, uniq_crazy_yiuf_cottage
D:8:      kennysheep_seaside_town, serial_shops, shop,
          hangedman_pestilent_swarm, uniq_erica
Temple:   nicolae_temple_x_marks_the_god_16

Action                   |  1- 3 |  4- 6 |  7- 9 || total
-------------------------+-------+-------+-------++-------
Melee: Flail             |   141 |   241 |   148 ||   530
  Use: Potion            |       |     1 |     1 ||     2
  Eat: Chunk             |       |     6 |     4 ||    10
